TOP OF THE 1ST |
Accra Vipers batting - Pitching for Perth Wombats : LHP Ethan Ingham
|
Pitching: LHP Ethan Ingham
|
|
Batting: RHB Wa'il bin Hakeem
|
0-0: Fly out, F8 (Flyball, 89XD, EV 95.0 MPH)
|
Batting: RHB Johannes Mwarania
|
0-0: Called Strike 0-1: Foul Ball, location: 3SF 0-2: Foul Ball, location: 5DF 0-2: Ball 1-2: Ball 2-2: Strikes out swinging
|
Batting: RHB Sultan Chandar
|
0-0: Ball 1-0: Ball 2-0: Called Strike 2-1: Foul Ball, location: 9LDF 2-2: SINGLE (Groundball, 4S, EV 56.9 MPH) (infield hit)
|
Batting: RHB Aca Cavoski
|
0-0: Called Strike 0-1: SINGLE (Line Drive, 7S, EV 96.9 MPH) Sultan Chandar to second
|
Batting: RHB Maxim Manzyuk
|
0-0: Called Strike 0-1: Called Strike 0-2: Foul Ball, location: 9LDF 0-2: Foul Ball, location: 2F 0-2: Ball 1-2: Ball 2-2: Strikes out swinging
|
Top of the 1st over - 0 runs, 2 hits, 0 errors, 2 left on base; Accra 0 - Perth 0 |
BOTTOM OF THE 1ST |
Perth Wombats batting - Pitching for Accra Vipers : RHP Asvarya Kedar
|
Pitching: RHP Asvarya Kedar
|
|
Batting: LHB Mohamed Duret
|
0-0: Called Strike 0-1: Ball 1-1: Ground out 4-3 (Groundball, 4, EV 91.9 MPH)
|
Batting: LHB Demessie Bendjedid
|
0-0: Ball 1-0: SINGLE (Line Drive, 7LS, EV 85.6 MPH)
|
Batting: RHB Ghumer Safari
|
0-0: Ball 1-0: Foul Ball, location: 23FF 1-1: Swinging Strike 1-2: DOUBLE (Line Drive, 78D, EV 97.5 MPH) Demessie Bendjedid to third
|
Batting: RHB Uregh Mhina
|
0-0: Ball 1-0: Ground out U3 (Groundball, 13, EV 86.3 MPH) Demessie Bendjedid scores Ghumer Safari to third
|
Batting: SHB Mel Ceja
|
0-0: 2-RUN HOME RUN (Flyball, 9D, EV 95.0 MPH), Distance : 344 ft
|
Batting: RHB Semi Milatovic
|
0-0: Ball 1-0: Ball 2-0: Foul Ball, location: 25F 2-1: Foul Ball, location: 2LF 2-2: TRIPLE (Line Drive, 89XD, EV 110.0 MPH)
|
Batting: RHB Tatu Viitasalo
|
0-0: Swinging Strike 0-1: Ball 1-1: Fly out, F5 (Popup, 56, EV 63.8 MPH)
|
Bottom of the 1st over - 3 runs, 4 hits, 0 errors, 1 left on base; Accra 0 - Perth 3 |
TOP OF THE 2ND |
Accra Vipers batting - Pitching for Perth Wombats : LHP Ethan Ingham
|
Batting: RHB Tekukuni Tari
|
0-0: Ball 1-0: Called Strike 1-1: Ball 2-1: SOLO HOME RUN (Flyball, 78XD, EV 109.4 MPH), Distance : 400 ft
|
Batting: RHB Jin-man Jung
|
0-0: Ball 1-0: Ball 2-0: Called Strike 2-1: Fly out, F9 (Line Drive, 9, EV 100.0 MPH)
|
Batting: RHB Naveed Abidi
|
0-0: Ball 1-0: Called Strike 1-1: Foul Ball, location: 2F 1-2: Strikes out looking
|
Batting: RHB Dragutin Randjelovic
|
0-0: Called Strike 0-1: Fly out, F8 (Flyball, 78M, EV 90.0 MPH)
|
Top of the 2nd over - 1 run, 1 hit, 0 errors, 0 left on base; Accra 1 - Perth 3 |
BOTTOM OF THE 2ND |
Perth Wombats batting - Pitching for Accra Vipers : RHP Asvarya Kedar
|
Batting: RHB Asi Azoulay
|
0-0: Ground out 4-3 (Groundball, 4MS, EV 76.3 MPH)
|
Batting: RHB Aguinaldo Porqueira
|
0-0: Ball 1-0: Fly out, F7 (Flyball, 7S, EV 94.4 MPH)
|
Batting: LHB Mohamed Duret
|
0-0: Ball 1-0: SINGLE (Line Drive, 6MD, EV 96.3 MPH)
|
Batting: LHB Demessie Bendjedid
|
0-0: Ball 1-0: Foul Ball, location: 2F 1-1: Called Strike 1-2: Foul Ball, location: 7LSF 1-2: Fly out, F7 (Flyball, 7LM, EV 110.0 MPH)
|
Bottom of the 2nd over - 0 runs, 1 hit, 0 errors, 1 left on base; Accra 1 - Perth 3 |
TOP OF THE 3RD |
Accra Vipers batting - Pitching for Perth Wombats : LHP Ethan Ingham
|
Batting: RHB Wa'il bin Hakeem
|
0-0: Called Strike 0-1: Foul Ball, location: 2F 0-2: SINGLE (Line Drive, 78M, EV 103.8 MPH)
|
Batting: RHB Johannes Mwarania
|
0-0: Ball Wild Pitch! Wa'il bin Hakeem to second 1-0: Ball 2-0: Foul Ball, location: 2F 2-1: Ball 3-1: Base on Balls
|
Batting: RHB Sultan Chandar
|
0-0: Grounds into double play, 6-4-3 (Groundball, 6, EV 103.8 MPH) Wa'il bin Hakeem to third
|
Batting: RHB Aca Cavoski
|
0-0: Ball 1-0: Called Strike 1-1: Ball 2-1: Ball 3-1: 2-RUN HOME RUN (Flyball, 78XD, EV 101.9 MPH), Distance : 407 ft
|
Batting: RHB Maxim Manzyuk
|
0-0: Called Strike 0-1: SINGLE (Line Drive, 7LS, EV 97.5 MPH)
|
Batting: RHB Tekukuni Tari
|
0-0: Called Strike 0-1: Ball 1-1: Ball 2-1: Called Strike 2-2: Foul Ball, location: 2RF 2-2: Fielders Choice at 2nd, 5-4 (Groundball, 56, EV 90.6 MPH)
|
Top of the 3rd over - 2 runs, 3 hits, 0 errors, 1 left on base; Accra 3 - Perth 3 |
BOTTOM OF THE 3RD |
Perth Wombats batting - Pitching for Accra Vipers : RHP Asvarya Kedar
|
Batting: RHB Ghumer Safari
|
0-0: Ball 1-0: SINGLE (Groundball, 56D, EV 95.0 MPH)
|
Batting: RHB Uregh Mhina
|
0-0: Ball 1-0: Fielders Choice at 2nd, 4-6 (Groundball, 34, EV 89.4 MPH)
|
Batting: SHB Mel Ceja
|
0-0: Ball 1-0: Ball 2-0: Ball 3-0: Called Strike 3-1: Fly out, F8 (Flyball, 8RD, EV 103.8 MPH)
|
Batting: RHB Semi Milatovic
|
0-0: Ball 1-0: Ball 2-0: Ball 3-0: Called Strike 3-1: SINGLE (Line Drive, 56D, EV 96.9 MPH) Uregh Mhina to second
|
Batting: RHB Tatu Viitasalo
|
0-0: Ball 1-0: Fielders Choice at 2nd, U4 (Groundball, 4M, EV 91.9 MPH)
|
Bottom of the 3rd over - 0 runs, 2 hits, 0 errors, 2 left on base; Accra 3 - Perth 3 |
TOP OF THE 4TH |
Accra Vipers batting - Pitching for Perth Wombats : LHP Ethan Ingham
|
Batting: RHB Jin-man Jung
|
0-0: Called Strike 0-1: Ball 1-1: Foul Ball, location: 9LSF 1-2: Strikes out swinging
|
Batting: RHB Naveed Abidi
|
0-0: Swinging Strike 0-1: Ball 1-1: Ball 2-1: Ball 3-1: Called Strike 3-2: SINGLE (Line Drive, 89S, EV 105.6 MPH)
|
Batting: RHB Dragutin Randjelovic
|
0-0: Called Strike 0-1: Ball 1-1: Ball 2-1: Foul Ball, location: 9LMF 2-2: Fly out, F7 (Line Drive, 7S, EV 98.1 MPH)
|
Pitching: LHP Alan Neale
|
|
Batting: RHB Wa'il bin Hakeem
|
0-0: Swinging Strike 0-1: Called Strike 0-2: Strikes out swinging
|
Top of the 4th over - 0 runs, 1 hit, 0 errors, 1 left on base; Accra 3 - Perth 3 |
BOTTOM OF THE 4TH |
Perth Wombats batting - Pitching for Accra Vipers : RHP Asvarya Kedar
|
Batting: RHB Asi Azoulay
|
0-0: Ground out 6-3 (Groundball, 6MS, EV 95.0 MPH)
|
Batting: RHB Aguinaldo Porqueira
|
0-0: Ball 1-0: Ball 2-0: Fly out, F7 (Flyball, 7LS, EV 96.9 MPH)
|
Batting: LHB Mohamed Duret
|
0-0: Ball 1-0: Ball 2-0: Called Strike 2-1: Ball 3-1: Base on Balls
|
Batting: LHB Demessie Bendjedid
|
0-0: Ball 1-0: SINGLE (Flyball, 5D, EV 100.0 MPH) Mohamed Duret to second
|
Batting: RHB Ghumer Safari
|
0-0: Foul Ball, location: 9LMF 0-1: Ball 1-1: Foul Ball, location: 2F 1-2: Strikes out swinging
|
Bottom of the 4th over - 0 runs, 1 hit, 0 errors, 2 left on base; Accra 3 - Perth 3 |
TOP OF THE 5TH |
Accra Vipers batting - Pitching for Perth Wombats : LHP Alan Neale
|
Batting: RHB Johannes Mwarania
|
0-0: Called Strike 0-1: Foul Ball, location: 2F 0-2: Fly out, F3 (Line Drive, 34, EV 69.4 MPH)
|
Batting: RHB Sultan Chandar
|
0-0: Called Strike 0-1: Ball 1-1: Ball 2-1: Called Strike 2-2: Ball 3-2: Base on Balls
|
Batting: RHB Aca Cavoski
|
0-0: Called Strike 0-1: SINGLE (Line Drive, 78S, EV 88.1 MPH) Sultan Chandar to second
|
Batting: RHB Maxim Manzyuk
|
0-0: Swinging Strike 0-1: Foul Ball, location: 2F 0-2: SINGLE (Groundball, 34D, EV 101.9 MPH) Sultan Chandar to third Aca Cavoski to second Runner from 3rd tries for Home, SAFE, throw by RF to trailing runner, OUT at third! 9-3-5
|
Batting: RHB Tekukuni Tari
|
0-0: Fielders Choice at 2nd, 6-4 (Groundball, 56, EV 92.5 MPH)
|
Top of the 5th over - 1 run, 2 hits, 0 errors, 1 left on base; Accra 4 - Perth 3 |
BOTTOM OF THE 5TH |
Perth Wombats batting - Pitching for Accra Vipers : RHP Asvarya Kedar
|
Batting: RHB Uregh Mhina
|
0-0: Ball 1-0: SINGLE (Groundball, 56D, EV 95.6 MPH)
|
Batting: SHB Mel Ceja
|
0-0: Called Strike 0-1: Fielders Choice at 2nd, 6-4 (Groundball, 6, EV 88.8 MPH)
|
Batting: RHB Semi Milatovic
|
0-0: Ball 1-0: Foul Ball, location: 5F 1-1: Called Strike 1-2: Strikes out swinging
|
Batting: RHB Tatu Viitasalo
|
0-0: Ball 1-0: Foul Ball, location: 3F 1-1: SINGLE (Groundball, 4MD, EV 101.3 MPH) Mel Ceja to second
|
Batting: RHB Asi Azoulay
|
0-0: Called Strike 0-1: Ball 1-1: Ball 2-1: SINGLE (Line Drive, 5D, EV 100.0 MPH) Mel Ceja to third Tatu Viitasalo to second
|
Batting: RHB Aguinaldo Porqueira
|
0-0: Ball 1-0: Called Strike 1-1: Foul Ball, location: 23F 1-2: Ball 2-2: Foul Ball, location: 3FF 2-2: Ball 3-2: Foul Ball, location: 2F 3-2: Foul Ball, location: 2F 3-2: Fly out, F7 (Flyball, 78M, EV 100.0 MPH)
|
Bottom of the 5th over - 0 runs, 3 hits, 0 errors, 3 left on base; Accra 4 - Perth 3 |
TOP OF THE 6TH |
Accra Vipers batting - Pitching for Perth Wombats : LHP Alan Neale
|
Batting: RHB Jin-man Jung
|
0-0: Foul Ball, location: 9LSF 0-1: Ball 1-1: Fly out, F8 (Flyball, 89D, EV 75.0 MPH)
|
Batting: RHB Naveed Abidi
|
0-0: Ball 1-0: Foul Ball, location: 2F 1-1: Ball 2-1: Foul Ball, location: 2F 2-2: Ground out 4-3 (Groundball, 4, EV 91.9 MPH)
|
Batting: RHB Dragutin Randjelovic
|
0-0: Called Strike 0-1: Ball 1-1: Ball 2-1: Foul Ball, location: 5F 2-2: Ground out 4-3 (Groundball, 4, EV 110.0 MPH)
|
Top of the 6th over - 0 runs, 0 hits, 0 errors, 0 left on base; Accra 4 - Perth 3 |
BOTTOM OF THE 6TH |
Perth Wombats batting - Pitching for Accra Vipers : RHP Asvarya Kedar
|
Batting: LHB Mohamed Duret
|
0-0: Foul Ball, location: 7LSF 0-1: Foul Ball, location: 2F 0-2: Strikes out swinging
|
Batting: LHB Demessie Bendjedid
|
0-0: Called Strike 0-1: Ball 1-1: Ball 2-1: Ball 3-1: Base on Balls
|
Batting: RHB Ghumer Safari
|
0-0: Called Strike 0-1: Ball 1-1: Foul Ball, location: 2F 1-2: SINGLE (Line Drive, 6D, EV 100.0 MPH) Demessie Bendjedid to second
|
Batting: RHB Uregh Mhina
|
0-0: Ball 1-0: Called Strike 1-1: Ball 2-1: Foul Ball, location: 9LMF 2-2: Foul Ball, location: 3DF 2-2: Grounds into double play, 6-4-3 (Groundball, 6, EV 95.6 MPH)
|
Bottom of the 6th over - 0 runs, 1 hit, 0 errors, 1 left on base; Accra 4 - Perth 3 |
TOP OF THE 7TH |
Accra Vipers batting - Pitching for Perth Wombats : LHP Alan Neale
|
Batting: RHB Wa'il bin Hakeem
|
0-0: Ball 1-0: Called Strike 1-1: Ball 2-1: Ball 3-1: Ground out 1-3 (Groundball, 13S, EV 70.0 MPH)
|
Batting: RHB Johannes Mwarania
|
0-0: Foul Ball, location: 3SF 0-1: Foul Ball, location: 9LDF 0-2: Foul Ball, location: 9LMF 0-2: Strikes out swinging
|
Batting: RHB Sultan Chandar
|
0-0: Called Strike 0-1: Ball 1-1: Foul Ball, location: 2F 1-2: Ground out 5-3 (Groundball, 56, EV 91.3 MPH)
|
Top of the 7th over - 0 runs, 0 hits, 0 errors, 0 left on base; Accra 4 - Perth 3 |
BOTTOM OF THE 7TH |
Perth Wombats batting - Pitching for Accra Vipers : RHP Asvarya Kedar
|
Pitching: RHP Francisco Lopez
|
|
Batting: SHB Mel Ceja
|
0-0: Ball 1-0: Foul Ball, location: 7LMF 1-1: Ball 2-1: Ball 3-1: Fly out, F8 (Flyball, 8RS, EV 95.6 MPH)
|
Batting: RHB Semi Milatovic
|
0-0: Fly out, F6 (Line Drive, 6, EV 73.1 MPH)
|
Batting: RHB Tatu Viitasalo
|
0-0: Ball 1-0: Called Strike 1-1: Ball 2-1: Ball 3-1: Base on Balls
|
Batting: RHB Asi Azoulay
|
0-0: Ball 1-0: Ball 2-0: SINGLE (Groundball, 13S, EV 73.8 MPH) (infield hit) Tatu Viitasalo to second
|
Batting: RHB Aguinaldo Porqueira
|
0-0: Called Strike 0-1: Ball 1-1: Ball 2-1: Ball 3-1: Base on Balls Tatu Viitasalo to third Asi Azoulay to second
|
Batting: LHB Mohamed Duret
|
0-0: Called Strike 0-1: Ball Wild Pitch! Tatu Viitasalo scores Asi Azoulay to third Aguinaldo Porqueira to second 1-1: Ball Wild Pitch! Asi Azoulay scores Aguinaldo Porqueira to third 2-1: Foul Ball, location: 2F 2-2: Ground out 4-3 (Groundball, 4, EV 89.4 MPH)
|
Bottom of the 7th over - 2 runs, 1 hit, 0 errors, 1 left on base; Accra 4 - Perth 5 |
TOP OF THE 8TH |
Accra Vipers batting - Pitching for Perth Wombats : LHP Alan Neale
|
Batting: RHB Aca Cavoski
|
0-0: Swinging Strike 0-1: Swinging Strike 0-2: SINGLE (Line Drive, 34, EV 105.0 MPH)
|
Pitching: LHP Zachary McEwan
|
|
Batting: RHB Maxim Manzyuk
|
0-0: Called Strike 0-1: Ball 1-1: Fielders Choice at 2nd, 6-4 (Groundball, 56S, EV 86.3 MPH)
|
Batting: RHB Tekukuni Tari
|
0-0: Called Strike 0-1: Ball 1-1: Ball 2-1: Foul Ball, location: 23F 2-2: Fielders Choice at 2nd, 6-4 (Groundball, 6D, EV 96.3 MPH)
|
Batting: RHB Jin-man Jung
|
0-0: Called Strike 0-1: Called Strike 0-2: Ground out 6-3 (Groundball, 56, EV 76.3 MPH)
|
Top of the 8th over - 0 runs, 1 hit, 0 errors, 1 left on base; Accra 4 - Perth 5 |
BOTTOM OF THE 8TH |
Perth Wombats batting - Pitching for Accra Vipers : RHP Francisco Lopez
|
Batting: LHB Demessie Bendjedid
|
0-0: Foul Ball, location: 7LDF 0-1: Swinging Strike 0-2: Ball 1-2: Fly out, F9 (Line Drive, 9, EV 105.0 MPH)
|
Batting: RHB Ghumer Safari
|
0-0: Called Strike 0-1: Called Strike 0-2: Ball 1-2: Foul Ball, location: 9LDF 1-2: Foul Ball, location: 2F 1-2: SINGLE (Line Drive, 89M, EV 93.8 MPH)
|
Batting: RHB Uregh Mhina
|
0-0: Called Strike 0-1: Ball 1-1: Called Strike 1-2: Ball 2-2: Foul Ball, location: 9LDF 2-2: Ball 3-2: Strikes out looking
|
Pitching: RHP Areda Mulifi
|
|
Batting: SHB Mel Ceja
|
0-0: Ball 1-0: Called Strike 1-1: Called Strike 1-2: Strikes out swinging
|
Bottom of the 8th over - 0 runs, 1 hit, 0 errors, 1 left on base; Accra 4 - Perth 5 |
TOP OF THE 9TH |
Accra Vipers batting - Pitching for Perth Wombats : LHP Zachary McEwan
|
Pitching: RHP Alec Hewat
|
|
Now in LF: Vadim Aleshker
|
|
Batting: RHB Naveed Abidi
|
0-0: Ball 1-0: SINGLE (Groundball, 23, EV 63.8 MPH) (infield hit)
|
Pinch Runner at 1st Bowo Pakpahan:
|
|
Pinch Hitting: SHB Dylan Heathcote
|
0-0: DOUBLE (Line Drive, 9LS, EV 100.0 MPH) Bowo Pakpahan to third
|
Batting: RHB Wa'il bin Hakeem
|
0-0: Ball 1-0: Ball 2-0: Called Strike 2-1: Ground out 5-3 (Groundball, 56, EV 108.8 MPH)
|
Batting: RHB Johannes Mwarania
|
0-0: Called Strike 0-1: Fly out, F7 (Flyball, 7D, EV 105.0 MPH) Runner from 3rd tags up, SCORES, no throw by LF
|
Batting: RHB Sultan Chandar
|
0-0: Ball 1-0: Ball 2-0: Swinging Strike 2-1: Called Strike 2-2: Foul Ball, location: 23FF 2-2: Ball 3-2: Ground out 4-3 (Groundball, 4, EV 89.4 MPH)
|
Top of the 9th over - 1 run, 2 hits, 0 errors, 1 left on base; Accra 5 - Perth 5 |
BOTTOM OF THE 9TH |
Perth Wombats batting - Pitching for Accra Vipers : RHP Areda Mulifi
|
Now at C: Bowo Pakpahan
|
|
Now at 2B: Dylan Heathcote
|
|
Now at SS: Aca Cavoski
|
|
Batting: RHB Semi Milatovic
|
0-0: Ball 1-0: Swinging Strike 1-1: Foul Ball, location: 5F 1-2: Ground out 4-3 (Groundball, 4, EV 101.3 MPH)
|
Batting: RHB Tatu Viitasalo
|
0-0: Fly out, F7 (Flyball, 78S, EV 96.9 MPH)
|
Batting: RHB Asi Azoulay
|
0-0: Ball 1-0: Ground out 6-3 (Groundball, 6, EV 84.4 MPH)
|
Bottom of the 9th over - 0 runs, 0 hits, 0 errors, 0 left on base; Accra 5 - Perth 5 |
TOP OF THE 10TH |
Accra Vipers batting - Pitching for Perth Wombats : RHP Alec Hewat
|
Batting: RHB Aca Cavoski
|
0-0: Ball 1-0: Ball 2-0: Called Strike 2-1: Called Strike 2-2: Foul Ball, location: 2F 2-2: Strikes out swinging
|
Batting: RHB Maxim Manzyuk
|
0-0: Ground out U3 (Groundball, 3L, EV 100.0 MPH)
|
Batting: RHB Tekukuni Tari
|
0-0: Foul Ball, location: 9LDF 0-1: Ball 1-1: Fly out, F8 (Line Drive, 8LD, EV 102.5 MPH)
|
Top of the 10th over - 0 runs, 0 hits, 0 errors, 0 left on base; Accra 5 - Perth 5 |
BOTTOM OF THE 10TH |
Perth Wombats batting - Pitching for Accra Vipers : RHP Areda Mulifi
|
Pitching: LHP Mitchell Blackburn
|
|
Pinch Hitting: RHB Hsueh-liang Chan
|
0-0: Called Strike 0-1: Ball 1-1: Foul Ball, location: 9LDF 1-2: Ball 2-2: Foul Ball, location: 9LMF 2-2: Foul Ball, location: 5DF 2-2: SINGLE (Line Drive, 78S, EV 85.0 MPH)
|
Batting: LHB Mohamed Duret
|
0-0: Called Strike 0-1: Foul Ball, location: 7LSF 0-2: Ground out 5-3 (Groundball, 56S, EV 88.8 MPH) Hsueh-liang Chan to second
|
Pinch Hitting: RHB Hoaka Eleele
|
0-0: Ball 1-0: Ball 2-0: Called Strike 2-1: Ball 3-1: Ground out 6-3 (Groundball, 6, EV 96.3 MPH) Hsueh-liang Chan to third
|
Batting: RHB Ghumer Safari
|
0-0: Called Strike 0-1: Called Strike 0-2: Foul Ball, location: 2F 0-2: Ball 1-2: Foul Ball, location: 3F 1-2: Ball 2-2: Ball 3-2: Foul Ball, location: 9LSF 3-2: Single, Error in OF, E8, batter to second base (Groundball, 6D, EV 95.6 MPH) Hsueh-liang Chan scores
|
Bottom of the 10th over - 1 run, 2 hits, 1 error, 1 left on base; Accra 5 - Perth 6 |
|